Map: Eternal Empire LE

Players

Slaight - Winner!

  • Race: Protoss Protoss
  • League: Platinum
  • Spawn Location: 1:00

VOD

Have the link to the VOD?

Description

Time

  • Played on: July 24, 2020, 2:44 a.m.
  • Length: 8:16
Show
View Real Time Build Order
Export as new Build Order

Slaight Protoss - Winner!

Build Orders:  

Get SALT Encoding   

  12  0:04  Probe (Chrono Boost)  
  14  0:21  Probe (Chrono Boost)  
  14  0:26  Pylon  
  14  0:36  Assimilator  
  14  0:43  Probe (Chrono Boost)  
  7  1:00  Probe (Chrono Boost)  
  16  1:10  Gateway  
  16  1:16  Probe (Chrono Boost)  
  17  1:33  Probe (Chrono Boost)  
  19  1:50  Probe (Chrono Boost)  
  19  1:58  Nexus  
  19  2:07  Probe (Chrono Boost)  
  20  2:15  Cybernetics Core  
  20  2:27  Assimilator  
  21  2:31  Probe (Chrono Boost)  
  21  2:47  Pylon  
  21  2:53  Probe (Chrono Boost)  
  22  3:11  Robotics Facility  
  24  3:25  Probe (Chrono Boost)  
  25  3:42  Probe (Chrono Boost)  
  25  3:43  Probe (Chrono Boost)  
  25  3:46  Unknown  
  25  3:47  Stalker  
  29  4:03  Warp Prism  
  29  4:10  Twilight Council  
  31  4:23  Probe (Chrono Boost)  
  31  4:25  Probe (Chrono Boost)  
  33  4:36  Warp Gate  
  33  4:38  Gateway  
  34  4:40  Probe (Chrono Boost)  
  34  4:43  Immortal  
  38  5:17  Probe x2 (Chrono Boost)  
  40  5:24  Immortal  
  40  5:34  Probe (Chrono Boost)  
  45  5:52  Gateway  
  45  5:55  Pylon  
  45  6:03  Gateway  
  45  6:06  Pylon  
  45  6:25  Gateway  
  45  6:26  Charge  
  45  6:27  Gateway  
  45  6:31  Pylon  
  45  7:03  Gateway  
  45  7:12  Zealot  
  45  7:13  Zealot x2  
  51  7:25  Zealot  
  53  7:48  Zealot x4  
  53  7:49  Zealot  
  63  8:05  Zealot  
Tags
 
Add a new tag
Caveats
  • Supply blocks, unpowered buildings, or Contaminate may cause inaccurate times.
  • Supply counts are checked every 10 seconds.